 Dungeon Crawl Stone Soup version 0.32-a0-616-g9348d4545b (webtiles) character file.

Game seed: 7743529889740242554

1758 Ruich the Chopper (level 9, -6/103 HPs)
             Began as a Coglin Berserker on Mar 5, 2024.
             Was a Priest of Trog.
             Mangled by a gnoll
             ... wielding a +1 halberd of electrocution
              (19 damage)
             ... in a bailey.
             The game lasted 00:15:21 (5024 turns).

Ruich the Chopper (Coglin Berserker)                Turns: 5024, Time: 00:15:21

Health: -6/103     AC: 31    Str: 20    XL:     9   Next: 6%
Magic:  9/9        EV:  2    Int:  8    God:    Trog [***...]
Gold:   317        SH:  0    Dex: 14    Spells: 8/8 levels left

rFire   . . .        h - +1 hand axe (flame) {Jin}
rCold   . . .        a - +2 trident (protect) {Arun}
rNeg    . . .        r - melded +2 ring mail {rC+}
rPois   +            g - melded +1 hat
rElec   .            (cloak currently unavailable)
rCorr   .            m - melded +0 pair of gloves
SInv    .            (boots currently unavailable)
Will    .....        (no amulet)
Stlth   +            (no ring)
HPRegen 0.37/turn    (no ring)
MPRegen 0.11/turn    (no gizmo)

%: no passive effects
@: tree-form, under a protective aura, on berserk cooldown, slowed, revved, very
slow
A: stationary, stasis, torment immunity, boosted hp, off-hand wielding, slow
wielding, warmup strikes, (no jewellery)
a: Invent Gizmo, Renounce Religion, Berserk, Trog's Hand


You were in a bailey.
You worshipped Trog.
Trog was most pleased with you.
You were a tree.
You visited 1 branch of the dungeon, and saw 7 of its levels.
You also visited: Bailey.

You collected 339 gold pieces.
You spent 22 gold pieces at shops.


Innate Abilities, Weirdness & Mutations

You are a tree.
Your roots penetrate the ground, keeping you stationary.
You cannot be teleported.
You are immune to unholy pain and torment.
Your maximum health is greatly increased.
Your equipment is partially melded.
You can wield a second weapon in your off-hand.
It takes a long time for you to wield or remove held weapons.
Your first few attacks do less damage.
((You cannot equip rings or amulets.))


   Skills:
 + Level 5.8 Fighting
 * Level 7.9 Axes
 + Level 4.9 Armour
 - Level 1.7 Dodging
 + Level 6.1 Evocations


You had 8 spell levels left.
You didn't know any spells.
Your spell library was empty.

Inventory:

Hand Weapons
 a - a +2 trident of protection (offhand) {Arun}
 h - a +1 hand axe of flaming (weapon) {Jin}
 t - a +1 mace of protection {Anan}
Missiles
 l - 51 stones (quivered)
Armour
 d - a +2 leather armour of willpower
 g - a +1 hat (melded)
 m - a +0 pair of gloves (melded)
 r - a +2 ring mail of cold resistance (melded)
Wands
 o - a wand of mindburst (13)
Scrolls
 f - 10 scrolls of teleportation {@r2}
 n - a scroll of torment
Potions
 b - a potion of enlightenment {unknown}
 c - a potion of resistance {unknown}
 i - a potion of mutation
 j - 2 potions of invisibility {unknown}
 p - 2 potions of attraction
 q - 4 potions of might
 s - a potion of haste {@q3}
 u - 2 potions of degeneration
 w - a potion of magic {unknown}

Dungeon Overview and Level Annotations

Branches:
Dungeon (7/15)             Temple (0/1) D:6          Bailey (1/1)

Altars:
Dithmenos
Fedhas
Trog
Uskayaw
Wu Jian
Yredelemnul

Shops:
D:1 : D:5

? ##### ### ###
##)))###.###.#
#'##+##)###'##'##'##
#!.!g♣## ##.....##
#.!.go# ###.....###
+!.⌠.!' #.'..⌠..'.#
#.!.?.#####.....###
#!.!.!# ##.....##
+##'##'###'##'##'##
#. #.#.###.###.# ###
### ##### ### #)#
#.###)###.#.#
#)###)#


You could see 2 gnolls and an orc.


Message History

* * * LOW HITPOINT WARNING * * *
The orc barely misses you.
You are no longer berserk.
You are exhausted.
You feel yourself slow down.
Things that are here:
a +0 halberd of electrocution; a potion of heal wounds {@q2} You feel much better.
Your skin stops crawling.
You feel less strong-willed.
You are electrocuted!
* * * LOW HITPOINT WARNING * * *
The gnoll misses you. The gnoll barely misses you.
* * * LOW HITPOINT WARNING * * *
You turn into a tree.
Your +1 hat melds into your body.
Your +0 pair of gloves melds into your body.
Your +2 ring mail of cold resistance melds into your body.
You feel less resistant to cold.
Your roots penetrate the ground.
The gnoll barely misses you.
Unknown command.
You hit the gnoll with your +2 trident of protection.
The gnoll is moderately wounded.
You closely miss the gnoll with your +1 hand axe of flaming.
You hit the gnoll but do no damage.
You barely miss the orc with your +1 hand axe of flaming.
You are electrocuted!
* * * LOW HITPOINT WARNING * * *
x2 You are electrocuted!
* * * LOW HITPOINT WARNING * * *
You are electrocuted!!
You die...

Skill      XL: |  1  2  3  4  5  6  7  8 |
---------------+-------------------------+-----
Armour         | 2 3 4 |  4.9
Axes           | 4 5 6 7 |  7.9
Evocations     | 2 3 4 6 |  6.1
Fighting       | 4 5 |  5.8
Dodging        | |  1.7

Action                     |  1- 3 |  4- 6 |  7- 9 || total
---------------------------+-------+-------+-------++-------
  Melee: Hand axe          |    56 |    96 |   263 ||   415
         Dagger            |    28 |       |       ||    28
         Whip              |    27 |    29 |       ||    56
         Trident           |       |       |    39 ||    39
         Mace              |       |       |    11 ||    11
  Throw: Stone             |       |       |    10 ||    10
 Invoke: Berserk           |     1 |     1 |     4 ||     6
         Trog's Hand       |     1 |       |     2 ||     3
    Use: Scroll            |     4 |       |    11 ||    15
         Potion            |       |       |     3 ||     3
   Stab: Sleeping          |     1 |       |     1 ||     2
 Armour: Animal skin       |     6 |       |       ||     6
         Leather armour    |    15 |    43 |    82 ||   140
         Ring mail         |       |       |    67 ||    67
         Skin              |       |       |     8 ||     8
  Dodge: Dodged            |    34 |    39 |   132 ||   205

Levels and vault maps discovered:
D:1:      dpeg_arrival_pits, layout_basic,
          hellmonk_ecumenical_altar_leap_of_faith, serial_shops,
          nicolae_shop_hallway_plus
D:2:      layout_loops_ring
D:3:      layout_basic, nicolae_overflow_hidden_temple
D:4:      layout_cave_pools, chequers_serial_rivers_large_a, solitary_fountain,
          uniq_menkaure, uniq_eustachio
D:5:      layout_basic, trog_book, serial_shops, shop
D:6:      layout_basic, minmay_temple_entry_glass
D:7:      layout_loops_ring, lemuel_tele_altar, enter_ossuary_5, enter_bailey_5,
          guppyfry_early_elven_hall
Bailey:   bailey_polearm_nasty_gnolls, bailey

Notes
Turn   | Place    | Note
-------+----------+-------------------------------------------
     0 | D:1      | Ruich the Coglin Berserker began the quest for the Orb.
     0 | D:1      | Reached XP level 1. HP: 18/18 MP: 1/1
    81 | D:1      | Reached XP level 2. HP: 24/24 MP: 2/2
   154 | D:1      | Reached skill level 2 in Armour
   266 | D:1      | Found Poemauha's Book Shop.
   386 | D:1      | Found a faded altar of an unknown god.
   558 | D:2      | Reached XP level 3. HP: 28/29 MP: 3/3
   997 | D:2      | Reached ** piety under Trog
  1178 | D:3      | You fall into a shaft and drop 1 floor!
  1209 | D:4      | Noticed Eustachio
  1222 | D:4      | Killed Eustachio
  1223 | D:4      | Reached skill level 4 in Axes
  1223 | D:4      | Reached skill level 2 in Evocations
  1223 | D:4      | Reached XP level 4. HP: 37/37 MP: 4/4
  1223 | D:4      | Reached XP level 5. HP: 42/42 MP: 5/5
  1286 | D:4      | Noticed a black bear
  1294 | D:4      | Killed a black bear
  1295 | D:4      | Reached skill level 4 in Fighting
  1295 | D:4      | Reached skill level 5 in Axes
  1295 | D:4      | Reached skill level 3 in Armour
  1295 | D:4      | Reached XP level 6. HP: 48/48 MP: 6/6
  1410 | D:3      | Found an ornate altar of the Wu Jian Council.
  1410 | D:3      | Found a hide-covered altar of Uskayaw.
  1410 | D:3      | Found a basalt altar of Yredelemnul.
  1410 | D:3      | Found a blossoming altar of Fedhas.
  1413 | D:3      | Found a shadowy altar of Dithmenos.
  1429 | D:4      | Reached skill level 3 in Evocations
  2178 | D:4      | Noticed Menkaure
  2187 | D:4      | Killed Menkaure
  2188 | D:4      | Reached XP level 7. HP: 45/55 MP: 7/7
  2646 | D:5      | Entered Level 5 of the Dungeon
  2700 | D:5      | Found Zaatiag's Magic Scroll Emporium.
  2708 | D:5      | Bought a scroll of identify for 22 gold pieces
  3090 | D:5      | Reached skill level 6 in Axes
  3093 | D:5      | Reached *** piety under Trog
  3129 | D:5      | Reached skill level 4 in Evocations
  3154 | D:5      | Reached skill level 5 in Fighting
  3154 | D:5      | Reached skill level 4 in Armour
  3154 | D:5      | Reached XP level 8. HP: 23/62 MP: 8/8
  3294 | D:5      | Found a bloodstained altar of Trog.
  3521 | D:6      | Found a staircase to the Ecumenical Temple.
  3760 | D:6      | Reached skill level 5 in Evocations
  3803 | D:6      | Reached skill level 7 in Axes
  4565 | D:7      | Found a flagged portal.
  4704 | Bailey   | Entered a bailey
  5014 | Bailey   | Reached skill level 6 in Evocations
  5014 | Bailey   | Reached XP level 9. HP: 65/67 MP: 9/9
  5024 | Bailey   | Mangled by a gnoll

Vanquished Creatures
  Eustachio (D:4)
  Menkaure (D:4)
  2 water moccasins
  An orc warrior (Bailey)
  A black bear (D:4)
  A gnoll sergeant (D:7)
  3 scorpions
  3 howler monkeys
  2 jellies
  A bombardier beetle (D:6)
  6 hounds
  2 orc priests
  4 iguanas
  An orc wizard (D:6)
  5 adders
  13 gnolls
  4 ufetubi
  4 dart slugs
  22 orcs
  4 endoplasms
  3 giant cockroaches
  12 goblins
  4 hobgoblins
  2 jackals (D:2)
  A quokka (D:5)
  5 ball pythons
  4 bats
  5 frilled lizards
  9 kobolds
  7 rats
133 creatures vanquished.

Table legend: (Time is in decaauts)
 A = Elapsed time spent in this place.
 B = Non-inter-level travel time spent in this place.
 C = Inter-level travel time spent in this place.
 D = Time resting spent in this place.
 E = Time spent auto-exploring this place.
 F = Levels seen in this place.
 G = Mean time per level.
                   A        B        C        D        E       F      G
               +--------+--------+--------+--------+--------+-----+--------+
         Total |   5076 |   4905 |    171 |    946 |   2739 |   8 |  634.5 |
       Dungeon |   4747 |   4576 |    171 |    831 |   2739 |   7 |  678.1 |
        Bailey |    329 |    329 |      0 |    115 |      0 |   1 |  329.0 |
               +--------+--------+--------+--------+--------+-----+--------+

Top non-repeatable levels by time:
     D:6: 1138 daAuts
     D:5: 844 daAuts
     D:3: 772 daAuts
     D:4: 768 daAuts
     D:2: 689 daAuts
     D:1: 447 daAuts
  Bailey: 329 daAuts
     D:7: 85 daAuts

Table legend:
 A = Non-vault XP
 B = Vault XP
 C = Vault XP percentage of total XP
 D = Non-vault monster count
 E = Vault monster count
 F = Vault count percentage of total count
                 A         B        C        D         E       F
            +---------+---------+-------+---------+---------+-------
      Total |    1884 |     628 |  25.0 |     112 |      21 |  15.8
            +---------+---------+-------+---------+---------+-------
        D:1 |      24 |       0 |   0.0 |      15 |       0 |   0.0
        D:2 |      28 |       0 |   0.0 |      16 |       0 |   0.0
        D:3 |      82 |       0 |   0.0 |      21 |       0 |   0.0
        D:4 |     262 |     354 |  57.5 |      15 |       2 |  11.8
        D:5 |     657 |       0 |   0.0 |      20 |       0 |   0.0
        D:6 |     626 |       0 |   0.0 |      18 |       0 |   0.0
        D:7 |     205 |       7 |   3.3 |       7 |       4 |  36.4
     Bailey |       0 |     267 | 100.0 |       0 |      15 | 100.0
            +---------+---------+-------+---------+---------+-------
